 Dungeon Crawl Stone Soup version 0.31.0-32-g396128a36d (webtiles) character file.

Game seed: 6500036144090587212

48 Klask the Cudgeller (level 3, -8/33 HPs)
             Began as a Minotaur Berserker on Mar 15, 2024.
             Was a Believer of Trog.
             Mangled by Crazy Yiuf
             ... wielding a +3 quarterstaff of chaos
              (11 damage)
             ... on level 2 of the Dungeon.
             The game lasted 00:20:10 (1368 turns).

Klask the Cudgeller (Minotaur Berserker)            Turns: 1368, Time: 00:20:10

Health: -8/33      AC:  5    Str: 23    XL:     3   Next: 50%
Magic:  1/2        EV: 11    Int:  4    God:    Trog [**....]
Gold:   119        SH:  0    Dex:  9    Spells: 2/2 levels left

rFire   . . .        a - +0 mace
rCold   . . .        (no shield)
rNeg    . . .        r - +0 ring mail
rPois   .            (helmet restricted)
rElec   .            (no cloak)
rCorr   .            (no gloves)
SInv    .            (no boots)
Will    .....        (no amulet) Stlth
                     (no ring)
HPRegen 0.25/turn    (no ring)
MPRegen 0.08/turn

%: no passive effects
@: lethally poisoned (-8 -> -15)
A: horns 2, retaliatory headbutt
a: Renounce Religion, Berserk, Trog's Hand


You were on level 2 of the Dungeon.
You worshipped Trog.
Trog was pleased with you.
You visited 1 branch of the dungeon, and saw 2 of its levels.

You collected 119 gold pieces.

Inventory:

Hand Weapons
 a - a +0 mace (weapon)
 e - a +0 short sword
 f - a +0 club
 g - a +0 club
 h - a +0 short sword
 j - a +0 dagger
 k - a +0 dagger
 l - a +0 club
 m - a +0 sling
 n - a +0 short sword
 o - a +0 club
 q - a +0 dagger
 s - a +0 sling
 u - a +0 dagger
 v - a +0 quarterstaff
 y - a +0 whip
 A - a +0 club
 E - a +0 short sword
 F - a +0 hammer
Missiles
 d - 33 stones (quivered)
Armour
 b - a +0 animal skin
 r - a +0 ring mail (worn)
 t - a +0 ring mail
 z - a +0 buckler
Scrolls
 i - 5 scrolls of identify {unknown}
 p - a scroll of teleportation {unknown}
 B - a scroll of vulnerability {unknown}
 D - a scroll of noise {unknown}
Potions
 c - a potion of brilliance {unknown}
 w - a potion of might {unknown}
 x - a potion of haste {unknown}
 C - a potion of curing {unknown}


   Skills:
 + Level 3.7 Fighting
 * Level 5.3 Maces & Flails
 + Level 2.6 Armour
 - Level 2.1 Dodging


You had 2 spell levels left.
You didn't know any spells.
Your spell library contained the following spells:

 Spells                   Type           Power      Damage    Failure   Level
 Cigotuvi's Dreadful Rot  Necr/Alch/Air  0%         N/A       80%         2
 Dispel Undead            Necr           0%         3d6       100%        4
 Martyr's Knell           Necr/Summ      0%         N/A       100%        4
 Death Channel            Necr           0%         N/A       100%        6


Dungeon Overview and Level Annotations

Branches:
Dungeon (2/15)

Altars:

Shops:
D:1 ::

Annotations:
D:2 Crazy Yiuf


Innate Abilities, Weirdness & Mutations

You have a pair of horns on your head.
You reflexively headbutt those who attack you in melee.


Message History

Could not travel, unopened runed door.
You open the door.
There is an open door here.
A bat comes into view.
The bat closely misses you.
You hit the bat.
You kill the bat!
Trog accepts your kill.
There is an open door here.
There is an open door here.
Crazy Yiuf shouts!
Crazy Yiuf glowers.
You open the door. You hit Crazy Yiuf but do no damage.
Crazy Yiuf completely misses you.
You hit Crazy Yiuf but do no damage. You headbutt Crazy Yiuf.
Crazy Yiuf is lightly wounded.
Crazy Yiuf hits you with a +3 quarterstaff of chaos.
You feel your power leaking away.
You closely miss Crazy Yiuf.
Crazy Yiuf is lightly wounded.
Crazy Yiuf hits you with a +3 quarterstaff of chaos!
You are confused.
Crazy Yiuf hits you with a +3 quarterstaff of chaos!
You blink.
You're too confused to move!
You start resting.
Crazy Yiuf is nearby!
Crazy Yiuf hits you with a +3 quarterstaff of chaos.
* * * LOW HITPOINT WARNING * * *
You are lethally poisoned!
You feel less confused.
* * * LOW HITPOINT WARNING * * *
You feel very sick.
Crazy Yiuf cries, "You leg down broken song, no?"
Crazy Yiuf completely misses you.
* * * LOW HITPOINT WARNING * * *
You feel very sick. Crazy Yiuf attacks as he pursues you!
Crazy Yiuf hits you with a +3 quarterstaff of chaos!
You die...

#.#........###..........#####
#.........## ############ #
#####.....# ## ####...# #.
#......#### ### #.
#.........## ###..)# #.
#..........####.'...# ###.
#...........#.g##...# #...
#........@g#.### ### #...
#......####### #... #......#
#... #......#######
#######... #............#
#......... ##############
#......... #.........
#......... #.........


You could see Crazy Yiuf.

Vanquished Creatures
  A dart slug (D:2)
  6 bats
  6 endoplasms
  3 giant cockroaches
  3 goblins (D:1)
  2 hobgoblins
  8 kobolds
  A quokka (D:1)
  5 ball pythons
  A frilled lizard (D:1)
  4 rats
40 creatures vanquished.

Notes
Turn   | Place    | Note
-------+----------+-------------------------------------------
     0 | D:1      | Klask the Minotaur Berserker began the quest for the Orb.
     0 | D:1      | Reached XP level 1. HP: 19/19 MP: 0/0
   100 | D:1      | Reached skill level 4 in Maces & Flails
   155 | D:1      | Reached XP level 2. HP: 24/26 MP: 1/1
   218 | D:1      | Found Bathe Zier's Book Shop.
   395 | D:1      | Found Donuomm's Book Shoppe.
   440 | D:1      | Reached skill level 5 in Maces & Flails
   446 | D:1      | Reached ** piety under Trog
   492 | D:1      | Reached XP level 3. HP: 28/31 MP: 2/2
  1248 | D:2      | Found a runed translucent door.
  1249 | D:2      | Noticed Crazy Yiuf
  1368 | D:2      | Mangled by Crazy Yiuf

Illustrated notes

Levels and vault maps discovered:
D:1:      mrwooster_arrival_arrow, layout_basic, serial_shops,
          nicolae_shop_peninsula, nicolae_shop_trees
D:2:      layout_basic, uniq_crazy_yiuf_cottage

Skill      XL: |  1  2 |
---------------+-------+-----
Maces & Flails | 4 5 |  5.3
Fighting       | |  3.7
Armour         | |  2.6
Dodging        | |  2.1

Action                     || total
---------------------------++-------
  Melee: Mace              ||    67
         Headbutt          ||     9
 Armour: Animal skin       ||    22
         Ring mail         ||    13
  Dodge: Dodged            ||    50
